 Dungeon Sprint DCSS version 0.21.2 (webtiles) character file.

4200000 Fang the Axe Maniac (level 22, -16/212 HPs)
             Began as a Demonspawn Gladiator on Oct 16, 2018.
             Was the Champion of Makhleb.
             Demolished by a large bag of meat
             ... wielding a +9 giant spiked club
              (107 damage)
             ... in the Dungeon (Sprint VIII: "Arena of Blood").
             The game lasted 00:01:25 (42 turns).

Fang the Axe Maniac (Demonspawn Gladiator)            Turns: 42, Time: 00:01:26

Health: -16/212    AC:  6    Str: 25    XL:     22   Next: 47%
Magic:  21/52      EV: 35    Int:  9    God:    Makhleb [******]
Gold:   0          SH:  0    Dex: 21    Spells: 74/74 levels left

rFire    + . .     SeeInvis +   l - +∞ Axe of Woe
rCold    . . .     Gourm    .   (shield currently unavailable)
rNeg     . . .     Faith    .   b - +0 leather armour
rPois    .         Spirit   .   (helmet unavailable)
rElec    .         Reflect  .   (no cloak)
rCorr    .         Harm     .   (no gloves)
MR       +....     NoTele   +   (no boots)
Stlth    ++++++++++             (no amulet)
HPRegen  10.45/turn             (no ring)
MPRegen  0.33/turn              (no ring)

@: no status effects
A: antennae 3, thin skeletal structure 3, fire resistance 1, ignite blood,
powered by death 2, augmentation 2, flame cloud immunity
a: Minor Destruction, Lesser Servant of Makhleb, Major Destruction, Greater
Servant of Makhleb, Renounce Religion


You were in the Dungeon.
You worshipped Makhleb.
Makhleb was exalted by your worship.
You were not hungry.

You visited 1 branch

Inventory:

Hand Weapons
 a - a +0 war axe
 l - the +∞ Axe of Woe (weapon)
   (You found it in the Dungeon)
Missiles
 d - 3 throwing nets (quivered)
Armour
 b - a +0 leather armour (worn)
 c - a +0 helmet
Scrolls
 k - a scroll of blinking
Potions
 e - a potion of curing
 g - a potion of heal wounds
 h - a potion of haste
 i - 2 potions of magic
 j - a potion of berserk rage
Comestibles
 f - a ration


   Skills:
 O Level 27 Fighting
 O Level 27 Axes
 O Level 27 Throwing
 O Level 27 Armour
 O Level 27 Dodging
 O Level 27 Stealth
 + Level 26.9 Unarmed Combat
 + Level 26.7 Spellcasting
 O Level 27 Invocations


You had 74 spell levels left.
You didn't know any spells.

Dungeon Overview and Level Annotations

Branches:
Dungeon (1/1)

Altars:
Makhleb


Innate Abilities, Weirdness & Mutations

You have a pair of large antennae on your head. (SInv)
You have an unnaturally thin skeletal structure. (Dex +6, Stealth++)
Your flesh is heat resistant. (rF+)
Your demonic aura causes spilled blood to erupt in flames.
You regenerate health from kills.
Your magical and physical power is enhanced at high health.
You are immune to clouds of flame.


Message History

The meat berserker rages.
You hear a shout! x8
The large bag of meat is engulfed in blazing flames.
A meat berserker comes into view. It is wielding a +9 battleaxe.
You slash the meat berserker!
You fatally mangle the meat berserker.
You kill the meat berserker!
Makhleb accepts your kill.
Your Unarmed Combat skill gained 2 levels and is now at level 26!
Your Spellcasting skill gained 2 levels and is now at level 26!
You hear a shout! x7
An orc and 2 vampire knights come into view.
A destroyer is wielding a +9 great sword of slicing.
A destroyer is wielding a +9 great sword of slicing.
You hear a shout!
The bag of meat is engulfed in blazing flames.
The bag of meat hits you with a +9 war axe!!
The destroyer shouts! x2
The large bag of meat is engulfed in blazing flames.
The large bag of meat hits you with a +9 giant spiked club!!!! x2
Ouch! That really hurt!
You die...

.......o....
...........
...........
o........V
{#oo.....# ..
#.O.....#
...###§OoV...###.
.%....§@###%.....
#.....§§§§§..%...
......#§§§§.#..
......#_§§§_#
..... #)).§%#
#.....§)§_..%...
......§§###§.....
...###.O. %.###.
.. #... ..#


You could see 2 destroyers, 2 large bags of meat, a meat berserker (berserk) and
5 bags of meat.

Vanquished Creatures
  3 vampire knights (D)
  6 ogres (D)
  4 two-headed ogres (D)
  13 orcs (D)
26 creatures vanquished.

Notes
Turn   | Place    | Note
-------+----------+-------------------------------------------
     0 | D        | Found the +∞ Axe of Woe
     0 | D        | Fang the Demonspawn Gladiator began the quest for the Orb.
     0 | D        | Reached XP level 1. HP: 16/16 MP: 1/1
     3 | D        | Noticed a bag of meat
     4 | D        | Became a worshipper of Makhleb the Destroyer
     5 | D        | Noticed a bag of meat
     5 | D        | Noticed a bag of meat
     8 | D        | Killed a bag of meat
     8 | D        | Reached skill level 10 in Fighting
     8 | D        | Gained mutation: You have a somewhat thin skeletal structure. (Dex +2, Stealth) [demonic ancestry]
     8 | D        | Reached XP level 2. HP: 36/36 MP: 2/2
     8 | D        | Gained mutation: You regenerate a little health from kills. [demonic ancestry]
     8 | D        | Reached XP level 3. HP: 42/42 MP: 3/3
     8 | D        | Reached XP level 4. HP: 48/48 MP: 4/4
     8 | D        | Gained mutation: Your flesh is heat resistant. (rF+) [demonic ancestry]
     8 | D        | Reached XP level 5. HP: 54/54 MP: 5/5
     8 | D        | Gained mutation: You have a pair of small antennae on your head. [demonic ancestry]
     8 | D        | Reached XP level 6. HP: 61/61 MP: 6/6
     8 | D        | Gained mutation: You have a pair of antennae on your head. [demonic ancestry]
     8 | D        | Reached XP level 7. HP: 67/67 MP: 7/7
     8 | D        | Gained mutation: You have a moderately thin skeletal structure. (Dex +4, Stealth+) [demonic ancestry]
     8 | D        | Reached XP level 8. HP: 73/73 MP: 8/8
     8 | D        | Gained mutation: You are immune to clouds of flame. [demonic ancestry]
     8 | D        | Reached XP level 9. HP: 79/79 MP: 9/9
     8 | D        | Gained mutation: You regenerate health from kills. [demonic ancestry]
     8 | D        | Reached XP level 10. HP: 86/86 MP: 10/10
     8 | D        | Gained mutation: Your magical and physical power is slightly enhanced at high health. [demonic ancestry]
     8 | D        | Reached XP level 11. HP: 92/92 MP: 11/11
     9 | D        | Noticed a bag of meat
     9 | D        | Noticed a bag of meat
     9 | D        | Noticed a meat berserker
    10 | D        | Killed a bag of meat
    10 | D        | Reached * piety under Makhleb
    10 | D        | Reached skill level 10 in Throwing
    10 | D        | Reached XP level 12. HP: 102/102 MP: 12/12
    11 | D        | Killed a bag of meat
    11 | D        | Reached XP level 13. HP: 111/111 MP: 13/13
    12 | D        | Noticed a bag of meat
    12 | D        | Killed a bag of meat
    12 | D        | Reached XP level 14. HP: 120/120 MP: 14/14
    13 | D        | Killed a meat berserker
    13 | D        | Reached ** piety under Makhleb
    13 | D        | Reached skill level 15 in Fighting
    13 | D        | Gained mutation: Your magical and physical power is enhanced at high health. [demonic ancestry]
    13 | D        | Reached XP level 15. HP: 79/130 MP: 15/15
    14 | D        | Noticed a meat berserker
    16 | D        | Noticed a meat berserker
    16 | D        | Killed a meat berserker
    16 | D        | Reached skill level 1 in Stealth
    16 | D        | Gained mutation: You have an unnaturally thin skeletal structure. (Dex +6, Stealth++) [demonic ancestry]
    16 | D        | Reached XP level 16. HP: 82/143 MP: 16/16
    18 | D        | Noticed a meat berserker
    18 | D        | Killed a meat berserker
    18 | D        | Reached *** piety under Makhleb
    18 | D        | Reached skill level 27 in Axes
    18 | D        | Reached skill level 27 in Dodging
    22 | D        | Reached skill level 5 in Armour
    22 | D        | Reached skill level 5 in Stealth
    22 | D        | Gained mutation: You have a pair of large antennae on your head. (SInv) [demonic ancestry]
    22 | D        | Reached XP level 17. HP: 73/160 MP: 17/17
    24 | D        | Killed a meat berserker
    25 | D        | Reached **** piety under Makhleb
    26 | D        | Noticed a large bag of meat
    27 | D        | Killed a large bag of meat
    27 | D        | Reached skill level 27 in Fighting
    27 | D        | Gained mutation: Your demonic aura causes spilled blood to erupt in flames. [demonic ancestry]
    27 | D        | Reached XP level 18. HP: 177/182 MP: 18/18
    27 | D        | Reached skill level 27 in Throwing
    28 | D        | Noticed a destroyer
    28 | D        | Noticed a large bag of meat
    29 | D        | Noticed a destroyer
    29 | D        | Killed a destroyer
    29 | D        | Reached ***** piety under Makhleb
    29 | D        | Reached XP level 19. HP: 189/189 MP: 19/19
    30 | D        | Killed a large bag of meat
    32 | D        | Noticed a meat berserker
    32 | D        | Noticed a large bag of meat
    33 | D        | Killed a large bag of meat
    33 | D        | Reached skill level 27 in Stealth
    33 | D        | Reached XP level 20. HP: 197/197 MP: 20/20
    34 | D        | Noticed a meat berserker
    34 | D        | Noticed a destroyer
    35 | D        | Noticed a large bag of meat
    35 | D        | Killed a destroyer
    35 | D        | Reached skill level 27 in Armour
    36 | D        | Killed a destroyer
    36 | D        | Reached XP level 21. HP: 204/204 MP: 20/41
    37 | D        | Noticed a large bag of meat
    37 | D        | Reached ****** piety under Makhleb
    39 | D        | Noticed a large bag of meat
    39 | D        | Reached skill level 27 in Invocations
    40 | D        | Killed a large bag of meat
    40 | D        | Reached XP level 22. HP: 212/212 MP: 20/49
    42 | D        | Noticed a destroyer
    42 | D        | Noticed a destroyer
    42 | D        | Demolished by a large bag of meat

Skill      XL: |  1  2  3  4  5  6  7  8  9 10 11 12 13 14 15 16 17 18 19 20 21 22 |
---------------+-------------------------------------------------------------------+-----
Fighting       | 10 12 13 14 15 18 22 27 | 27.0
Axes           | 16 19 20 22 24 26 27 | 27.0
Throwing       | 9 10 11 12 13 14 18 24 27 | 27.0
Dodging        | 16 18 20 21 23 25 27 | 27.0
Armour         | 2 5 11 19 25 27 | 27.0
Stealth        | 1 5 11 20 27 | 27.0
Unarmed Combat | 16 23 26 | 26.9
Spellcasting   | 16 23 26 | 26.7
Invocations    | 21 27 | 27.0

Action                   |  1- 3 |  4- 6 |  7- 9 | 10-12 | 13-15 | 16-18 | 19-21 | 22-24 || total
-------------------------+-------+-------+-------+-------+-------+-------+-------+-------++-------
Melee: Executioner's axe |     1 |       |       |     2 |     4 |     6 |     8 |     1 ||    22
Dodge: Dodged            |       |       |       |       |       |       |     4 |       ||     4
